 Dungeon Crawl Stone Soup version 0.29.1-15-g9cfb28693d (webtiles) character file.

Game seed: 15529880826087218494

122 Silvore the Trooper (level 4, -5/35 HPs)
             Began as a Demonspawn Fighter on May 1, 2023.
             Slain by a fire elemental (10 damage)
             ... created by the adversity of Qazlal
             ... on level 3 of the Dungeon.
             The game lasted 00:04:16 (2690 turns).

Silvore the Trooper (Demonspawn Fighter)            Turns: 2690, Time: 00:04:16

Health: -5/35      AC: 12    Str: 18    XL:     4   Next: 78%
Magic:  4/4        EV: 11    Int:  9    God:
Gold:   72         SH:  4    Dex: 13    Spells: 3/3 levels left

rFire   . . .      SeeInvis .   a - +1 long sword
rCold   . . .      Faith    +   c - +0 buckler
rNeg    . . .      Spirit   .   k - +0 chain mail
rPois   .          Reflect  .   (helmet restricted)
rElec   .          Harm     .   i - +0 cloak
rCorr   .          Rampage  .   h - +0 pair of gloves
Will    .....                   j - +0 pair of boots
Stlth   ..........              l - amulet of faith
HPRegen 0.11/turn               g - +4 ring of evasion
MPRegen 0.09/turn               (no ring)

@: no status effects
A: antennae 1, demonic magic 2
a: no special abilities


You were on level 3 of the Dungeon.
You visited 1 branch of the dungeon, and saw 3 of its levels.

You collected 72 gold pieces.

Inventory:

Hand Weapons
 a - a +1 long sword (weapon)
Armour
 b - a +0 scale mail
 c - a +0 buckler (worn)
 h - a +0 pair of gloves (worn)
 i - a +0 cloak (worn)
 j - a +0 pair of boots (worn)
 k - a +0 chain mail (worn)
Jewellery
 g - a +4 ring of evasion (left hand)
 l - an amulet of faith (around neck)
Scrolls
 f - 3 scrolls of teleportation
 o - a scroll of identify
Potions
 d - a potion of heal wounds
 e - 2 potions of curing
 m - 2 potions of invisibility {unknown}
 n - a potion of flight {unknown}
 p - a potion of resistance {unknown}
 q - a potion of cancellation {unknown}


   Skills:
 + Level 3.5 Fighting
 + Level 3.0 Long Blades
 + Level 3.4 Armour
 + Level 0.7 Dodging
 + Level 0.9 Stealth
 + Level 3.0 Shields


You had 3 spell levels left.
You didn't know any spells.
Your spell library was empty.

Dungeon Overview and Level Annotations

Branches:
Dungeon (3/15)

Altars:
Ashenzari
Qazlal


Innate Abilities, Weirdness & Mutations

You have a pair of small antennae on your head.
Spells you cast may paralyse nearby enemies.


Message History

You slash the frilled lizard!
You kill the frilled lizard!
A goblin comes into view. It is wielding a +0 dagger.
The goblin shouts!
A goblin is nearby!
A goblin is nearby!
The goblin closely misses you.
You slash the goblin!
You kill the goblin!
Your Long Blades skill increases to level 3!
Found a stone staircase leading up.
A ball python comes into view.
Qazlal incites the elements against you!
A fire elemental and a rime drake come into view.
Things that are here:
a +0 dagger; a goblin corpse
There are monsters nearby!
There are monsters nearby!
The ball python hisses angrily.
The rime drake bites you but does no damage.
The rime drake breathes ice at you. The flash freeze hits you!
You are encased in ice.
The ball python bites you. You block the ball python's attack.
The ball python closely misses you. x2
The rime drake bites you but does no damage.
The ball python barely misses you. You block the ball python's attack.
The rime drake bites you but does no damage.
The ice encasing you melts away. The ball python barely misses you.
The ball python closely misses you. The fire elemental hits you.
The fire elemental burns you!
* * * LOW HITPOINT WARNING * * *
The ball python closely misses you. The ball python grabs you.
The ball python constricts you.
The rime drake bites you but does no damage.
You escape the ball python's grasp.
The ball python attacks as you move away!
The ball python misses you. The ball python closely misses you.
The fire elemental hits you. The fire elemental burns you!
You die...

..#####......#####.###.###.
...........#.# #.......>.
#######°#.##.# #####.####
#)#.##.# #.# #°#+##.# #.#
#○○....# #.# ##..☼..##
####.# ##...SE..## ##.##.#
#....k@...####...#.#
+.........+........##
#.........###.......#
##.......## #.#[#.#.#
##.....## #.###.#.# ##...##
#.# #.#.# ##+## #.# #...#
#.# #.# ##..# #.# #(# #..#


You could see a rime drake, a fire elemental and a ball python.

Vanquished Creatures
  5 adders
  A worm (D:2)
  2 dart slugs (D:2)
  8 endoplasms
  3 giant cockroaches (D:1)
  6 goblins
  6 hobgoblins
  9 jackals
  A kobold (D:1)
  3 quokkas
  6 ball pythons
  4 bats
  A frilled lizard (D:3)
  9 rats
64 creatures vanquished.

Notes
Turn   | Place    | Note
-------+----------+-------------------------------------------
     0 | D:1      | Silvore the Demonspawn Fighter began the quest for the Orb.
     0 | D:1      | Reached XP level 1. HP: 18/18 MP: 1/1
   395 | D:1      | Gained mutation: You have a pair of small antennae on your
                  | head. [demonic ancestry]
   395 | D:1      | Reached XP level 2. HP: 22/24 MP: 2/2
  1053 | D:1      | Gained mutation: Spells you cast may paralyse adjacent
                  | enemies. [demonic ancestry]
  1053 | D:1      | Reached XP level 3. HP: 25/29 MP: 3/3
  1502 | D:2      | Gained mutation: Spells you cast may paralyse nearby
                  | enemies. [demonic ancestry]
  1502 | D:2      | Reached XP level 4. HP: 8/35 MP: 4/4
  2147 | D:2      | Found a broken altar of Ashenzari.
  2544 | D:3      | Found a faded altar of an unknown god.
  2550 | D:3      | Prayed at the altar of an unknown god.
  2550 | D:3      | Became a worshipper of Qazlal Stormbringer
  2550 | D:3      | Reached * piety under Qazlal
  2551 | D:3      | Fell from the grace of Qazlal
  2684 | D:3      | Noticed a fire elemental
  2684 | D:3      | Noticed a rime drake
  2690 | D:3      | Slain by a fire elemental

Illustrated notes

Levels and vault maps discovered:
D:1:      dpeg_arrival_snail, layout_rooms
D:2:      layout_rooms, basic_altar
D:3:      layout_loops_corners, shapermc_ecumenical_altar_petra,
          kennysheep_generic_room_14

Skill      XL: |  1  2  3  4 |
---------------+-------------+-----
Armour         | 3 |  3.4
Long Blades    | 2 3 |  3.0
Shields        | 3 |  3.0
Fighting       | |  3.5
Dodging        | |  0.7
Stealth        | |  0.9

Action                   |  1- 3 |  4- 6 || total
-------------------------+-------+-------++-------
Melee: Long sword        |   147 |    69 ||   216
Invok: Renounce Religion |       |     1 ||     1
  Use: Potion            |     2 |       ||     2
       Scroll            |     8 |       ||     8
Armor: Scale mail        |   129 |     1 ||   130
       Chain mail        |       |    38 ||    38
Dodge: Dodged            |    99 |    29 ||   128
Block: Buckler           |    36 |    15 ||    51
